AoeStats
← Cynthia

Nomad

509945291Analyzed
2v2 RM · 3d ago on Sep 28, 2026· 42m 20s· 4 players
Game mode
Random Map
Map size
176×176
Population
200
Speed
Normal
Resources
Standard
Victory
Conquest
Starting age
Dark Age
Ending age
Imperial Age
RankedLock teamsTeams togetherTeam positionsShared explorationLock speedFull tech treeHidden civsTurbo modeCheats
Victory
Defeat
🇳🇱 Huns · Netherlands
1603
+15
🇳🇱 Bulgarians · Netherlands
1596
+15
🇺🇸 Mapuche · United States
1596
-16
🇧🇪 Koreans · Belgium
1563
-14
PieterDela
10:53 Loom
13:14 Feudal Age
16:49 Castle Age
16:36 Fletching
18:53 Bodkin Arrow
34:31 Double-Bit Axe
35:20 Horse Collar
35:44 Scale Mail Armor
36:11 Town Watch
36:09 Pikeman
Cynthia
10:14 Loom
12:18 Feudal Age
13:18 Double-Bit Axe
15:51 Fletching
15:51 Horse Collar
21:28 Castle Age
24:14 Bow Saw
25:25 Bodkin Arrow
28:14 Padded Archer Armor
30:31 Leather Archer Armor
38:25 Ballistics
39:50 Gold Mining
40:00 Heavy Plow
40:44 Wheelbarrow
CornelVS1
7:28 Loom
12:59 Feudal Age
17:55 Castle Age
16:44 Double-Bit Axe
18:02 Scale Barding Armor
28:46 Horse Collar
29:26 Bow Saw
39:01 Pikeman
39:42 Squires
42:09 Wheelbarrow
41:49 Fletching
41:59 Padded Archer Armor
42:19 Heavy Plow
42:25 Heavy Plow
45:14 Imperial Age
J8S
4:30 Loom
13:29 Feudal Age
19:08 Castle Age
18:27 Double-Bit Axe
18:23 Horse Collar
19:20 Gold Mining
19:59 Medium Warships
21:39 Bow Saw
23:32 Sanctity
23:24 Fervor
23:59 Fishing Lines
28:07 Heavy Plow
29:03 Marauders
29:38 Scale Barding Armor
29:43 Forging
31:16 Chain Barding Armor
34:53 Imperial Age
33:14 Wheelbarrow
33:32 Husbandry
34:14 Squires
34:26 Bloodlines
36:20 Plate Barding Armor
36:31 Hand Cart
37:17 Fletching
37:58 Bodkin Arrow
38:04 Town Watch
39:21 Masonry
38:56 Elite Tarkan
40:37 Gold Shaft Mining
41:40 Iron Casting
42:23 Coinage
42:48 Ballistics
43:28 Chemistry
Connection lost

Rejoining the realm…

Still unreachable

The connection could not be restored.

Session expired

The server has moved on; the page needs a fresh start.